Map: 2000 애트모스피어 - 래더

Players

Ryung

  • Race: Terran Terran
  • League: Grandmaster

Solar - Winner!

  • Race: Zerg Zerg
  • League: Master

VOD

Have the link to the VOD?

Description

Time

  • Played on: Oct. 21, 2021, 7:30 a.m.
  • Length: 9:00
Show
View Real Time Build Order
Export as new Build Order

Ryung Terran 

Build Orders: Command Center First (CC) 

Get SALT Encoding   

  12  0:00  SCV  
  13  0:12  SCV  
  14  0:17  Supply Depot  
  14  0:24  SCV  
  15  0:38  SCV  
  16  0:50  SCV  
  17  0:58  Command Center  
  17  1:02  SCV  
  18  1:13  Barracks  
  18  1:15  SCV  
  19  1:20  Refinery  
  19  1:27  SCV  
  20  1:34  Barracks  
  20  1:39  SCV  
  21  1:42  Refinery  
  21  1:52  SCV  
  22  2:00  Marine  
  23  2:04  Orbital Command  
  23  2:12  Orbital Command  
  23  2:18  Barracks Reactor  
  23  2:20  Barracks Tech Lab  
  23  2:29  SCV  
  24  2:38  SCV, Stimpack  
  24  2:39  Marine  
  24  2:41  SCV  
  27  2:48  Factory  
  27  2:50  SCV  
  28  2:53  SCV  
  28  2:54  Marine x2  
  28  2:57  Marine  
  32  3:02  Supply Depot  
  32  3:03  SCV  
  33  3:05  SCV  
  33  3:12  Marine x2  
  35  3:14  Marine  
  35  3:18  SCV  
  38  3:22  Supply Depot  
  38  3:23  SCV  
  39  3:30  Marine x2, SCV  
  39  3:32  Marine  
  39  3:33  Factory Reactor  
  43  3:34  Starport  
  43  3:37  SCV  
  44  3:42  SCV  
  44  3:46  Supply Depot  
  44  3:48  Marine x2  
  45  3:50  Marine, SCV  
  45  3:55  SCV  
  50  3:58  Supply Depot  
  50  4:05  SCV  
  50  4:07  Marine x2, SCV  
  50  4:08  Marine  
  55  4:10  Hellion x2  
  55  4:12  Medivac  
  61  4:17  Armory  
  61  4:23  Combat Shield  
  61  4:26  Supply Depot  
  61  4:32  Hellion x2  
  61  4:33  SCV  
  61  4:34  SCV  
  61  4:37  Supply Depot  
  67  4:42  Medivac  
  67  4:45  Marine  
  69  4:47  Marine x2  
  69  4:51  Supply Depot, SCV x2  
  74  4:53  Widow Mine x2  
  78  5:07  SCV  
  78  5:14  Starport Reactor, Command Center  
  79  5:20  SCV  
  79  5:21  Factory, Refinery x2  
  80  5:22  SCV  
  80  5:25  Factory Tech Lab  
  77  5:29  Marine x3  
  77  5:32  SCV  
  77  5:34  SCV  
  73  5:46  Marine x2  
  73  5:47  Drilling Claws  
  73  5:48  Widow Mine  
  71  5:51  SCV x2  
  71  5:52  Engineering Bay x2  
  73  6:02  Marine  
  73  6:03  SCV x2  
  76  6:04  Marine x2  
  76  6:05  Medivac, Widow Mine x2  
  76  6:07  Medivac  
  76  6:09  Widow Mine  
  88  6:17  SCV x2  
  90  6:21  Terran Infantry Weapons Level 1  
  90  6:23  Marine x3  
  93  6:28  Terran Infantry Armor Level 1  
  95  6:32  Barracks  
  95  6:33  Widow Mine x3  
  95  6:36  SCV  
  95  6:37  SCV  
  101  6:42  Marine  
  101  6:43  Marine x2  
  104  6:48  SCV  
  104  6:49  SCV  
  104  6:50  Orbital Command  
  106  6:54  Siege Tank  
  106  6:58  Supply Depot x2  
  109  7:02  Supply Depot x2  
  109  7:03  SCV x2  
  111  7:15  Barracks x2, SCV x2  
  113  7:19  Marine, Widow Mine x2  
  113  7:20  Barracks Reactor  
  113  7:21  Marine  
  113  7:22  Marine  
  120  7:24  SCV  
  120  7:27  Supply Depot, SCV  
  122  7:31  Widow Mine  
  122  7:34  SCV  
  122  7:35  Supply Depot  
  122  7:36  SCV  
  124  7:37  Supply Depot  
  124  7:39  Supply Depot, SCV  
  124  7:40  Marine x2  
  124  7:43  Marine  
  125  7:58  Marine x2  
  110  8:00  Marine x2  
  110  8:02  Marine x2, Marauder  
  95  8:15  Marine x2  
  95  8:16  Widow Mine  
  95  8:17  Marine  
  95  8:18  Marine  
  97  8:20  Marine x2  
  97  8:22  Marine  
  89  8:33  Marine x2  
  75  8:35  Marine  
  75  8:36  Marine  
  75  8:37  Marine  
  75  8:38  Marine  
  75  8:40  Marine  
Show
View Real Time Build Order
Export as new Build Order

Solar Zerg - Winner!

Build Orders: Hatch First 

Get SALT Encoding   

  12  0:00  Drone  
  13  0:12  Overlord  
  13  0:16  Drone  
  14  0:30  Drone x2  
  16  0:47  Hatchery  
  15  0:51  Drone  
  15  0:54  Drone  
  17  0:57  Drone  
  18  1:07  Extractor  
  17  1:13  Spawning Pool  
  17  1:15  Drone  
  17  1:18  Drone  
  18  1:27  Drone  
  19  1:39  Drone  
  20  1:52  Drone  
  21  1:59  Queen x2  
  21  2:00  Zergling x4  
  27  2:12  Drone, Overlord  
  28  2:21  Hatchery  
  27  2:23  Drone  
  28  2:31  Drone x2  
  28  2:36  Queen  
  32  2:43  Metabolic Boost  
  32  2:46  Overlord  
  32  2:49  Drone  
  33  2:53  Drone x2  
  33  2:56  Drone  
  35  3:05  Drone x2  
  35  3:09  Drone x3  
  35  3:12  Queen  
  40  3:16  Overlord  
  40  3:19  Drone  
  43  3:26  Evolution Chamber  
  42  3:27  Drone  
  42  3:33  Drone x2, Queen  
  47  3:40  Drone x4  
  51  3:41  Drone  
  51  3:44  Drone  
  51  3:46  Overlord  
  51  3:48  Drone  
  54  3:52  Queen  
  54  3:54  Drone  
  57  3:59  Overlord  
  57  4:06  Drone x3, Zerg Ground Armor Level 1  
  57  4:08  Drone  
  57  4:09  Drone  
  62  4:13  Queen  
  62  4:15  Drone  
  65  4:18  Overlord  
  65  4:19  Drone x2  
  65  4:21  Drone  
  65  4:22  Drone  
  69  4:25  Extractor  
  69  4:27  Drone  
  69  4:33  Zergling x12  
  69  4:35  Overlord  
  74  4:39  Roach Warren  
  74  4:42  Lair  
  74  4:43  Zergling x2  
  74  4:44  Zergling x2  
  74  4:45  Zergling x2  
  76  4:46  Zergling x2  
  76  4:47  Zergling x2, Extractor  
  76  4:49  Drone x2  
  76  4:50  Drone  
  80  4:53  Overlord  
  80  4:54  Zergling x2  
  80  4:58  Zergling x6  
  84  5:02  Zergling x4  
  84  5:03  Zergling x2  
  84  5:07  Overlord  
  86  5:08  Overlord  
  86  5:09  Queen  
  86  5:14  Extractor  
  87  5:15  Drone x2  
  87  5:16  Overlord, Extractor  
  87  5:17  Zergling x2  
  87  5:19  Drone  
  90  5:21  Overlord  
  90  5:27  Roach  
  90  5:28  Roach x3  
  91  5:31  Drone x2  
  91  5:35  Drone  
  92  5:38  Drone  
  92  5:39  Drone  
  92  5:42  Drone x2  
  94  5:47  Glial Reconstitution  
  94  5:48  Roach  
  93  5:50  Extractor  
  93  5:54  Overseer  
  93  5:56  Roach x3  
  98  6:04  Spore Crawler  
  98  6:07  Spore Crawler  
  98  6:09  Roach x3  
  103  6:19  Roach x6  
  103  6:20  Spore Crawler  
  103  6:23  Zerg Missile Weapons Level 1, Overlord  
  114  6:25  Overlord  
  114  6:28  Roach  
  116  6:33  Roach x2  
  116  6:34  Roach  
  116  6:35  Spore Crawler  
  116  6:39  Overseer, Roach x3  
  127  6:46  Drone x3  
  127  6:47  Drone  
  131  6:48  Drone  
  131  6:51  Drone  
  131  6:52  Roach  
  131  6:53  Roach x2  
  139  6:58  Overlord x2  
  139  6:59  Overlord  
  139  7:00  Overlord  
  139  7:17  Roach x5  
  139  7:19  Ravager x7  
  156  7:25  Roach x5  
  165  7:32  Roach x2  
  165  7:34  Overlord  
  169  7:38  Overlord  
  169  7:45  Overlord  
  169  7:47  Overlord  
  154  7:54  Roach x8  
  163  8:00  Roach x2  
  163  8:04  Roach x4  
  153  8:07  Roach  
  153  8:08  Ravager x2  
  153  8:12  Roach x2  
  153  8:17  Roach  
  153  8:19  Roach  
  133  8:27  Roach x2  
  133  8:30  Roach x2  
  133  8:33  Roach  
  125  8:35  Roach  
  124  8:46  Drone x3, Ravager  
Tags
 
Add a new tag
Caveats
  • Supply blocks, unpowered buildings, or Contaminate may cause inaccurate times.
  • Supply counts are checked every 10 seconds.